 Dungeon Crawl Stone Soup version 0.26.1-11-gd32895ea62 (webtiles) character file.

Game seed: 15939462663364298691

331 H0rd4k the Insei (level 6, -2/39 HPs)
             Began as an Octopode Transmuter on July 9, 2021.
             Slain by a hound (6 damage)
             ... on level 4 of the Dungeon.
             The game lasted 00:02:54 (5404 turns).

H0rd4k the Insei (Octopode Transmuter)              Turns: 5404, Time: 00:02:54

Health: -2/39      AC:  2    Str: 10    XL:     6   Next: 51%
Magic:  5/10       EV: 21    Int: 17    God:
Gold:   193        SH:  0    Dex: 17    Spells: 7/11 levels left

rFire    . . .     SeeInvis .     - Unarmed
rCold    . . .     Faith    .   (shield currently unavailable)
rNeg     . . .     Spirit   .   (helmet currently unavailable)
rPois    x         Reflect  .   (no amulet)
rElec    .         Harm     .   (no ring)
rCorr    +         Rampage  .   m - ring of willpower
Will     +....                  i - ring of resist corrosion
Stlth    ++........             (no ring)
HPRegen  0.13/turn              (no ring)
MPRegen  0.12/turn              (no ring)
                                (no ring)
                                (no ring)

@: spider-form, very slightly contaminated
A: tiny, almost no armour, stealthy swim, (amphibious), 8 rings, (constrict 8)
a: End Transformation


You were on level 4 of the Dungeon.
You were a venomous arachnid creature.
You visited 1 branch of the dungeon, and saw 5 of its levels.

You collected 193 gold pieces.

Inventory:

Jewellery
 i - a ring of resist corrosion (on tentacle)
 m - a ring of willpower (right front leg)
 r - an uncursed ring of willpower
Scrolls
 a - 6 scrolls of identify {unknown}
 c - 4 scrolls of remove curse
 h - a scroll of amnesia {unknown}
 o - a scroll of noise {unknown}
 p - a scroll of fog {unknown}
 q - a scroll of blinking {unknown}
 s - a scroll of teleportation {unknown}
Potions
 b - a potion of resistance {unknown}
 d - 2 potions of magic {unknown}
 e - a potion of cancellation {unknown}
 f - a potion of flight {unknown}
 g - a potion of mutation {unknown}
 j - a potion of ambrosia {unknown}
 k - 3 potions of might {unknown}
 l - 3 potions of curing {unknown}
 n - a potion of invisibility {unknown}
 t - a potion of degeneration {unknown}
 u - 2 potions of brilliance {unknown}


   Skills:
 + Level 1.7 Fighting
 + Level 3.0 Dodging
 + Level 4.9 Unarmed Combat
 * Level 3.0 Spellcasting
 * Level 3.3 Transmutations
 + Level 1.6 Poison Magic


You had 7 spell levels left.
You knew the following spells:

 Your Spells              Type           Power        Failure   Level
a - Beastly Appendage     Tmut           28%          13%         1
b - Spider Form           Tmut/Pois      5%           38%         3

Your spell library contained the following spells:

 Spells                   Type           Power        Failure   Level
 Wereblood                Tmut           14%          19%         2
 Ice Form                 Ice/Tmut       8%           83%         4
 Blade Hands              Tmut           7%           90%         5


Dungeon Overview and Level Annotations

Branches:
Dungeon (5/15)
 Temple: D:4-7

Altars:


Innate Abilities, Weirdness & Mutations

You cannot wear most types of armour.
You are very stealthy in the water. (Stealth+)
((You are amphibious.))
You can wear up to eight rings at the same time.
((You can use your tentacles to constrict eight enemies at once.))
((Your skin changes colour to match your surroundings (Stealth+).))
((Your rubbery body absorbs attacks. (AC +1, EV +1)))


Message History

You climb upwards.
There is a stone staircase leading down here.
Casting: Spider Form (quite dangerous; 19% risk of failure)
Confirm with . or Enter, or press ? or * to list all spells.
The spell is quite dangerous to cast (19% risk of failure)!
Continue anyway?
You turn into a venomous arachnid creature.
The hound bites you.
* * * LOW HITPOINT WARNING * * *
The hound bites you but does no damage.
You hit the hound.
The hound is lightly wounded.
The hound misses you.
You closely miss the hound.
The hound is lightly wounded.
The hound bites you.
* * * LOW HITPOINT WARNING * * *
You barely miss the hound.
The hound is lightly wounded.
The hound bites you.
You die...

#).......#.###............^#.
####.###.#.###>....#####.#.#.
#.# #....##.....# ##.#...
#.###.#.#.#.....# ##...##.
#.##..#........####.....#.
#.###.....................
#........##.#.#####.....##
#######.###.#.# ##...###
#.hs....# ##.....
#####.#.############
#.......<.# #######.#.#
#.#.###### #>#.##...#
#.#.#.[... #.#.......
#.#.......


You could see a hound.

Vanquished Creatures
  An ogre (D:4)
  An orc priest (D:3)
  A hound (D:4)
  3 worker ants (D:4)
  2 adders
  2 oozes
  2 dart slugs
  5 leopard geckos
  15 orcs
  10 bats
  4 giant cockroaches
  5 goblins
  8 hobgoblins
  2 jackals (D:3)
  2 frilled lizards
  A jackal skeleton (D:4)
  7 kobolds
  6 rats
77 creatures vanquished.

Notes
Turn   | Place    | Note
-------+----------+-------------------------------------------
     0 | D:1      | H0rd4k the Octopode Transmuter began the quest for the Orb.
     0 | D:1      | Reached XP level 1. HP: 13/13 MP: 3/3
   336 | D:1      | Reached XP level 2. HP: 18/18 MP: 5/5
   984 | D:1      | Reached XP level 3. HP: 17/23 MP: 6/6
   988 | D:1      | Learned a level 3 spell: Spider Form
  2484 | D:3      | Reached XP level 4. HP: 28/28 MP: 7/7
  3017 | D:3      | Reached skill level 1 in Poison Magic
  3068 | D:3      | Reached skill level 4 in Unarmed Combat
  3219 | D:3      | Reached XP level 5. HP: 32/33 MP: 4/8
  4779 | D:4      | Noticed an ogre
  4790 | D:4      | Killed an ogre
  4791 | D:4      | Reached XP level 6. HP: 10/38 MP: 6/10
  5390 | D:5      | Entered Level 5 of the Dungeon
  5404 | D:4      | Slain by a hound

Illustrated notes

Levels and vault maps discovered:
D:1:      mrwooster_arrival_statue, layout_loops_ring
D:2:      minmay_door_path, layout_basic
D:3:      layout_rooms, mrwooster_statue_mirror
D:4:      layout_loops_ring
D:5:      layout_rooms, minmay_temple_entry_junction_2,
          gammafunk_ghost_stat_death, uniq_edmund, uniq_grinder, uniq_ijyb

Skill      XL: |  1  2  3  4  5  6 |
---------------+-------------------+-----
Poison Magic   | 1 |  1.6
Unarmed Combat | 4 |  4.9
Transmutations | 3 |  3.3
Spellcasting   | 3 |  3.0
Dodging        | 3 |  3.0
Fighting       | |  1.7

Action                   |  1- 3 |  4- 6 || total
-------------------------+-------+-------++-------
Melee: Unarmed           |    92 |   116 ||   208
       Constrict         |    28 |    26 ||    54
       Tentacles         |     7 |    15 ||    22
       Punch             |     1 |     5 ||     6
 Cast: Spider Form       |       |     6 ||     6
  Use: Scroll            |       |     2 ||     2
 Stab: Sleeping          |    12 |     3 ||    15
Armor: Skin              |    11 |    12 ||    23
Dodge: Dodged            |    55 |    74 ||   129
